 Seeded DCSS version 0.29.1-12-g30fa7ad0bf (webtiles) character file.

Game seed: 9845822215292249863 (custom seed)

116 hikkokomori the Conjurer (level 5, -3/31 HPs)
             Began as an Octopode Conjurer on Jan 7, 2023.
             Slain by Natasha (8 damage)
             ... on level 3 of the Dungeon.
             The game lasted 00:02:59 (2250 turns).

hikkokomori the Conjurer (Octopode Conjurer)        Turns: 2250, Time: 00:02:59

Health: -3/31      AC:  1    Str:  5    XL:     5   Next: 1%
Magic:  5/9        EV: 12    Int: 22    God:
Gold:   128        SH:  3    Dex: 10    Spells: 3/10 levels left

rFire   + . .      SeeInvis .   f - +0 staff of Battle
rCold   . . .      Faith    .   o - +0 buckler {rF+}
rNeg    + + .      Spirit   .   (helmet restricted)
rPois   +          Reflect  .   h - amulet of the acrobat
rElec   +          Harm     .   i - ring of willpower
rCorr   +          Rampage  .   k - ring "Fukheum" {rElec rPois rN++ rCorr Str-2}
Will    +....                   (no ring)
Stlth   +++.......              (no ring)
HPRegen 0.10/turn               (no ring)
MPRegen 0.11/turn               (no ring)
                                (no ring)
                                (no ring)

@: brilliant
A: almost no armour, amphibious, 8 rings, camouflage 1, gelatinous body 1,
(nimble swimmer 1), tentacles
a: no special abilities


You were on level 3 of the Dungeon.
You visited 1 branch of the dungeon, and saw 3 of its levels.

You collected 128 gold pieces.

Inventory:

Hand Weapons
 f - the +0 staff of Battle (weapon)
   (You acquired it on level 1 of the Dungeon)

   It enhances your conjuration magic.
   It summons a battlesphere in combat, with strength depending on Conjurations
   skill.
   Its strikes trigger the battlesphere's blasts.
Armour
 o - a +0 buckler of fire resistance (worn)
Jewellery
 h - an amulet of the acrobat (around mantle)
 i - a ring of willpower (left tentacle)
 k - the ring "Fukheum" (right tentacle) {rElec rPois rN++ rCorr Str-2}
   (You acquired it on level 1 of the Dungeon)

   [ring of resist corrosion]

   Str:       It affects your strength (-2).
   rElec:     It insulates you from electricity.
   rPois:     It protects you from poison.
   rN:        It greatly protects you from negative energy.
   rCorr:     It protects you from acid and corrosion.
Scrolls
 b - 2 scrolls of teleportation {unknown}
 c - 2 scrolls of identify {unknown}
 g - a scroll of amnesia {unknown}
 j - a scroll of blinking {unknown}
 n - a scroll of poison {unknown}
 q - a scroll of butterflies {unknown}
Potions
 a - 2 potions of magic
 d - 2 potions of heal wounds {unknown}
 e - a potion of curing {unknown}
 l - a potion of brilliance
 m - a potion of ambrosia {unknown}
 p - a potion of might {unknown}


   Skills:
 - Level 2.4 Dodging
 - Level 4.0 Stealth
 + Level 1.0 Shields
 + Level 3.0 Spellcasting
 + Level 4.6 Conjurations


You had 3 spell levels left.
You knew the following spells:

 Your Spells              Type           Power      Damage    Failure   Level
a - Magic Dart            Conj           100%       1d8       2%          1
b - Searing Ray           Conj           100%       2d8       3%          2
c - Fulminant Prism       Conj/Hex       15%        3d11      54%         4

Your spell library contained the following spells:

 Spells                   Type           Power      Damage    Failure   Level
 Dazzling Flash           Conj/Hex       60%        N/A       19%         3
 Gell's Gravitas          Tloc           4%         N/A       45%         3
 Lesser Beckoning         Tloc           4%         N/A       45%         3
 Teleport Other           Tloc           4%         N/A       45%         3
 Iskenderun's Mystic Bla  Conj/Tloc      30%        2d8       54%         4


Dungeon Overview and Level Annotations

Branches:
Dungeon (3/15)

Altars:

Annotations:
D:3 Natasha


Innate Abilities, Weirdness & Mutations

You cannot wear most types of armour.
You are amphibious.
You can wear up to eight rings at the same time.
Your skin changes colour to match your surroundings (Stealth+).
Your rubbery body absorbs attacks. (AC +1, EV +1)
((You are camouflaged when in or above water. (Stealth+)))
You have tentacles for arms and can constrict up to eight enemies at once.


Message History

A bat comes into view.
Found 2 scrolls labelled HIS ICVEUWKITA.
A sourceless malevolence fills the Dungeon... and a teleportation trap spontaneously manifests!
You are yanked towards some nearby monsters!
Your surroundings suddenly seem different.
Natasha, a rat, a frilled lizard and an endoplasm come into view.
Found a scroll labelled AZXAOD MAUFIM.
Natasha hisses angrily.
The bat moves out of view.
You feel a surge of power!
The magic dart hits Natasha but does no damage.
The frilled lizard hisses angrily.
The endoplasm quivers.
Natasha wildly gestures.
You feel disoriented.
Natasha mumbles some strange words.
You completely miss Natasha. Your grab misses Natasha.
Your squeeze misses Natasha.
Natasha stares at you and mumbles some strange words.
You resist with almost no effort. The white imp hits you.
The white imp freezes you.
You feel a surge of power!
The magic dart hits Natasha.
Natasha is heavily wounded.
The rat closely misses you. The frilled lizard barely misses you.
The white imp barely misses you. Natasha misses you.
You feel a surge of power!
The magic dart hits Natasha.
Natasha is severely wounded.
The rat bites you. Natasha barely misses you.
The frilled lizard barely misses you. The white imp closely misses you.
You feel a surge of power!
The magic dart hits Natasha.
Natasha is severely wounded.
The rat closely misses you. Natasha claws you! The frilled lizard bites you.
The white imp hits you.
* * * LOW HITPOINT WARNING * * *
The white imp freezes you.
* * * LOW HITPOINT WARNING * * *
It was a potion of brilliance.
You feel clever all of a sudden. The rat barely misses you. Natasha claws you!
You die...

...
..#.#####
..
........#
#.
#.......#
..
#.......#
..
#.......#
..
#.......#
#.......#
#....lJ.#
#....h@.#
#....r5##
.........
.#....?#.#
#.#.#. .#
# #... .#
#### .. #.


You could see Natasha, a white imp (summoned), an endoplasm, a frilled lizard
and a rat.

Vanquished Creatures
  An iguana (D:3)
  4 adders
  A gnoll (D:1)
  A worm (D:2)
  2 dart slugs (D:1)
  4 endoplasms
  A giant cockroach (D:1)
  2 goblins (D:1)
  3 hobgoblins (D:2)
  3 kobolds
  2 quokkas
  5 ball pythons
  6 bats
  2 frilled lizards
  4 rats
41 creatures vanquished.

Notes
Turn   | Place    | Note
-------+----------+-------------------------------------------
     0 | D:1      | hikkokomori the Octopode Conjurer began the quest for the
                  | Orb.
     0 | D:1      | Reached XP level 1. HP: 11/11 MP: 3/3
    66 | D:1      | Reached XP level 2. HP: 12/17 MP: 0/5
   542 | D:1      | Reached XP level 3. HP: 21/21 MP: 3/6
  1046 | D:1      | Identified 3 scrolls of acquirement
  1046 | D:1      | Acquired the +1 hat of Love and Death {*Slow rElec rCorr
                  | Stlth+}
  1048 | D:1      | Acquired the ring "Fukheum" {rElec rPois rN++ rCorr Str-2}
  1049 | D:1      | Acquired the +0 staff of Battle
  1049 | D:1      | Found the +0 staff of Battle
  1171 | D:2      | Found a faded altar of an unknown god.
  1358 | D:2      | Reached XP level 4. HP: 27/27 MP: 5/7
  1930 | D:2      | Learned a level 2 spell: Searing Ray
  1935 | D:2      | Learned a level 4 spell: Fulminant Prism
  2163 | D:3      | Reached XP level 5. HP: 31/31 MP: 5/9
  2235 | D:3      | Reached skill level 1 in Shields
  2243 | D:3      | Noticed Natasha
  2250 | D:3      | Slain by Natasha

Illustrated notes

Levels and vault maps discovered:
D:1:      giann_bridges, layout_basic
D:2:      layout_loops_cross, ebering_ecumenical_altar_hall
D:3:      layout_basic, uniq_natasha

Skill      XL: |  1  2  3  4  5 |
---------------+----------------+-----
Stealth        | 3 4 |  4.0
Spellcasting   | 3 |  3.0
Shields        | 1 |  1.0
Dodging        | |  2.4
Conjurations   | |  4.6

Action                   |  1- 3 |  4- 6 || total
-------------------------+-------+-------++-------
Melee: Unarmed           |     2 |       ||     2
       Constrict         |     1 |       ||     1
       Tentacles         |     1 |       ||     1
       Staff             |       |     1 ||     1
 Cast: Magic Dart        |    46 |    32 ||    78
  Use: Scroll            |     3 |       ||     3
       Potion            |       |     1 ||     1
Armor: Skin              |     1 |       ||     1
Dodge: Dodged            |     1 |    13 ||    14
